 Dungeon Crawl Stone Soup version 0.27-a0-1572-gacd6f1ce93 (webtiles) character file.

Game seed: 6156429781942686768

66 DocSulfur the Ducker (level 4, -1/33 HPs)
             Began as a Djinni Gladiator on July 17, 2021.
             Slain by Jessica (7 damage)
             ... on level 2 of the Dungeon.
             The game lasted 00:03:19 (1230 turns).

DocSulfur the Ducker (Djinni Gladiator)             Turns: 1230, Time: 00:03:20

Health: -1/33      AC:  9    Str: 12 (14) XL:     4   Next: 37%
Gold:   112        EV: 11    Int:  8 (9)  God:
                   SH:  0    Dex: 14 (15)

rFire    + + .     SeeInvis .   a - +0 long sword
rCold    x . .     Faith    .   (no shield)
rNeg     . . .     Spirit   .   k - +0 ring mail
rPois    ∞         Reflect  .   c - +0 helmet
rElec    .         Harm     .   (no cloak)
rCorr    .         Rampage  .   l - +2 pair of gloves
Will     .....                  (boots unavailable)
Stlth    +.........             (no amulet)
HPRegen  0.11/turn              (no ring)
MPRegen  0.00/turn              (no ring)

@: flying
A: sickness immunity, fire resistance 2, cold vulnerability 1, float, innate
caster, hp casting, extra vitality 1
a: no special abilities


You were on level 2 of the Dungeon.
You visited 1 branch of the dungeon, and saw 2 of its levels.

You collected 112 gold pieces.

Inventory:

Hand Weapons
 a - a +0 long sword (weapon)
Missiles
 d - 3 throwing nets
 i - 22 stones (quivered)
 o - 12 sling bullets
Armour
 c - a +0 helmet (worn)
 k - a +0 ring mail (worn)
 l - a +2 pair of gloves (worn)
Jewellery
 j - a ring of positive energy
Scrolls
 e - 2 scrolls of identify {unknown}
 f - a scroll of torment {unknown}
Potions
 b - a potion of cancellation {unknown}
 g - a potion of degeneration
 h - a potion of attraction {unknown}
 m - a potion of brilliance {unknown}
 n - a potion of mutation {unknown}


   Skills:
 - Level 2.0 Fighting
 * Level 1.7(2.4) Short Blades
 - Level 2.7(3.0) Long Blades
 - Level 1.5 Throwing
 * Level 4.0 Dodging
 * Level 1.3 Spellcasting


You had 4 spell levels left.
You knew the following spells:

 Your Spells              Type           Power      Damage    Failure   Level
a - Corona                Hex            2%         N/A       45%         1
Your spell library was empty.

Dungeon Overview and Level Annotations

Branches:
Dungeon (2/15)

Altars:

Annotations:
D:2 Jessica


Innate Abilities, Weirdness & Mutations

You are immune to sickness and miasma.
You are immune to poison.
Your flesh is very heat resistant. (rF++)
You are vulnerable to cold. (rC-)
You float through the air rather than walking.
You learn spells naturally, not from books.
Your magical power is your life essence.
You have superior vitality. (+4 HP)


Message History

a +0 club; a goblin corpse You barely miss the adder.
The adder bites you.
The kobold throws a stone.
The stone hits you but does no damage. The adder bites you but does no damage.
You slash the adder!
The adder is severely wounded.
The adder bites you but does no damage.
You miss the adder.
The adder is severely wounded.
The adder bites you. The kobold closely misses you.
The adder closely misses you.
You riposte.
You miss the adder.
The adder is severely wounded.
The kobold misses you.
You riposte.
You closely miss the kobold. You hit the adder.
The adder is severely wounded.
The adder bites you.
Jessica mumbles some strange words.
Jessica blinks!
The kobold barely misses you. The adder barely misses you.
You riposte.
You hit the adder.
You kill the adder!
You barely miss the kobold. The kobold hits you but does no damage.
You hit the kobold.
You kill the kobold!
Jessica gestures at you while chanting. Pain shoots through your body!
* * * LOW HITPOINT WARNING * * *
Press: ? - help, v - describe, . - travel
Here: Jessica, wielding a +0 club and wearing a +0 robe The floor, spattered with blood.
It was a potion of degeneration.
There was something very wrong with that liquid.
You feel weakened.
You feel dopey.
You feel clumsy.
Okay, then.
Okay, then.
You barely miss Jessica. Jessica hits you but does no damage.
You hit Jessica.
Jessica is moderately wounded.
Jessica hits you with a +0 club.
* * * LOW HITPOINT WARNING * * *
Jessica hits you with a +0 club!
You die...

.#. ....#### ##
...##...... #.
####.#.......# #.
............ #. ...#
..... #< ..#
#...#### #. #.#
#......### #. #)#
#......... #. #@#
#.†###.### #. #@#
#..#.....# #. #.#
#..#.....####.
#.###............. .
#†..#.##....†#####
#..#####....##.....#
......>..........###
#.....).....######
#....#.#..#.#


You could see Jessica.

Vanquished Creatures
  3 adders (D:2)
  4 ball pythons (D:1)
  2 endoplasms
  2 giant cockroaches
  2 goblins (D:2)
  5 hobgoblins
  4 jackals
  A quokka (D:1)
  4 bats
  4 kobolds
  7 rats
38 creatures vanquished.

Notes
Turn   | Place    | Note
-------+----------+-------------------------------------------
     0 | D:1      | DocSulfur the Djinni Gladiator began the quest for the Orb.
     0 | D:1      | Reached XP level 1. HP: 18/18 MP: 0/0
    52 | D:1      | Reached XP level 2. HP: 13/23 MP: 0/0
   596 | D:1      | Reached skill level 1 in Short Blades
   603 | D:1      | Reached XP level 3. HP: 27/28 MP: 0/0
   603 | D:1      | Learned a level 1 spell: Corona
   815 | D:2      | Reached skill level 1 in Spellcasting
  1191 | D:2      | Reached XP level 4. HP: 33/33 MP: 0/0
  1213 | D:2      | Reached skill level 4 in Dodging
  1220 | D:2      | Noticed Jessica
  1230 | D:2      | Slain by Jessica

Illustrated notes

Levels and vault maps discovered:
D:1:      dpeg_arrival_simpleton_b, layout_rooms
D:2:      minmay_evil_eye, layout_loops_ring, uniq_jessica

Skill      XL: |  1  2  3  4 |
---------------+-------------+-----
Short Blades   | 1 |  1.7
Spellcasting   | 1 |  1.3
Dodging        | 4 |  4.0
Fighting       | |  2.0
Long Blades    | |  2.7
Throwing       | |  1.5

Action                   |  1- 3 |  4- 6 || total
-------------------------+-------+-------++-------
Melee: Long sword        |    89 |    19 ||   108
  Use: Potion            |       |     1 ||     1
Armor: Leather armour    |    20 |       ||    20
       Ring mail         |    26 |    18 ||    44
Dodge: Dodged            |    75 |    22 ||    97
       Rpst.: Long sword |    21 |    10 ||    31

Table legend: (Time is in decaauts)
 A = Elapsed time spent in this place.
 B = Non-inter-level travel time spent in this place.
 C = Inter-level travel time spent in this place.
 D = Time resting spent in this place.
 E = Time spent auto-exploring this place.
 F = Levels seen in this place.
 G = Mean time per level.
                   A        B        C        D        E       F      G
               +--------+--------+--------+--------+--------+-----+--------+
         Total |   1258 |   1246 |     12 |      0 |    786 |   2 |  629.0 |
       Dungeon |   1258 |   1246 |     12 |      0 |    786 |   2 |  629.0 |
               +--------+--------+--------+--------+--------+-----+--------+

Top non-repeatable levels by time:
     D:1: 829 daAuts
     D:2: 429 daAuts
